 Dungeon Crawl Stone Soup version 0.31.0-7-gf635a9b802 (webtiles) character file.

Game seed: 3491482974622312933

4309 Bobbunny the Fighter (level 10, -1/94 HPs)
             Began as a Minotaur Fighter on Jan 24, 2024.
             Was an Initiate of Gozag.
             Slain by a death knight
             ... wielding a +2 broad axe of electrocution
              (16 damage)
             ... on level 7 of the Dungeon.
             The game lasted 00:08:05 (6129 turns).

Bobbunny the Fighter (Minotaur Fighter)             Turns: 6129, Time: 00:08:05

Health: -1/94      AC:  9    Str: 25    XL:     10   Next: 11%
Magic:  9/9        EV: 15    Int:  5    God:    Gozag
Gold:   1158       SH:  5    Dex: 10    Spells: 9/9 levels left

rFire   . . .        x - +1 war axe (holy)
rCold   + . .        c - +0 buckler
rNeg    . . .        b - +0 scale mail
rPois   .            (helmet restricted)
rElec   .            B - +0 cloak
rCorr   .            C - +0 pair of gloves
SInv    .            (no boots)
Will    .....        e - amulet of regeneration Stlth
                     k - +5 ring of evasion
HPRegen 1.15/turn    q - ring of protection from cold
MPRegen 0.11/turn

%: no passive effects
@: no status effects
A: horns 2, retaliatory headbutt
a: Renounce Religion, Potion Petition, Call Merchant, Bribe Branch


You were on level 7 of the Dungeon.
You worshipped Gozag.
Gozag was most pleased with you.
You visited 1 branch of the dungeon, and saw 8 of its levels.

You collected 1158 gold pieces.

Inventory:

Hand Weapons
 x - a +1 war axe of holy wrath (weapon)
Missiles
 a - 2 curare-tipped darts
 f - 14 poisoned darts
 p - 3 throwing nets
 y - 3 boomerangs (quivered)
Armour
 b - a +0 scale mail (worn)
 c - a +0 buckler (worn)
 B - a +0 cloak (worn)
 C - a +0 pair of gloves (worn)
Jewellery
 e - an amulet of regeneration (around neck)
 k - a +5 ring of evasion (left hand)
 q - a ring of protection from cold (right hand)
Wands
 s - a wand of mindburst (12)
 v - a wand of polymorph (9)
 E - a wand of quicksilver (8)
Scrolls
 g - 3 scrolls of poison {unknown}
 h - 4 scrolls of vulnerability {unknown}
 m - 3 scrolls of fog
 o - 2 scrolls of enchant armour {unknown}
 r - 2 scrolls of teleportation
 t - 2 scrolls of enchant weapon
 z - a scroll of noise {unknown}
 A - a scroll of fear {unknown}
 D - a scroll of blinking
 F - a scroll of silence {unknown}
Potions
 d - a potion of invisibility
 i - 3 potions of cancellation
 j - a potion of magic {unknown}
 l - a potion of enlightenment
 n - a potion of berserk rage {unknown}
 u - 2 potions of curing
 w - a potion of mutation {unknown}


   Skills:
 + Level 10.5 Fighting
 + Level 10.1 Axes
 + Level 4.7 Throwing
 - Level 5.0 Armour
 - Level 3.0 Dodging
 - Level 5.0 Shields
 - Level 5.0 Evocations


You had 9 spell levels left.
You didn't know any spells.
Your spell library contained the following spells:

 Spells                   Type           Power      Damage    Failure   Level
 Freeze                   Ice            0%         1d3       82%         1
 Magic Dart               Conj           0%         1d3       82%         1
 Summon Small Mammal      Summ           0%         N/A       82%         1
 Lesser Beckoning         Tloc           0%         N/A       91%         2
 Searing Ray              Conj           0%         2d4       91%         2
 Frozen Ramparts          Ice            0%         1d1       99%         3
 Fugue of the Fallen      Necr           0%         N/A       99%         3
 Gell's Gravitas          Tloc           0%         N/A       99%         3
 Hailstorm                Conj/Ice       0%         3d5       99%         3
 Ozocubu's Armour         Ice            0%         N/A       99%         3
 Summon Ice Beast         Ice/Summ       0%         N/A       99%         3
 Teleport Other           Tloc           0%         N/A       99%         3
 Fulminant Prism          Conj/Alch      0%         3d5       100%        4
 Ignite Poison            Fire/Alch      0%         N/A       100%        4
 Manifold Assault         Tloc           0%         N/A       100%        4
 Summon Blazeheart Golem  Fire/Summ      0%         N/A       100%        4


Dungeon Overview and Level Annotations

Branches:
Dungeon (8/15)             Temple (0/1) D:7
   Lair: D:8-11

Altars:
Gozag
Ru
Sif Muna

Portals:
Abyss: D:4

Annotations:
D:4 2 transporters, VoidStrider's ghost, novice TeAE


Innate Abilities, Weirdness & Mutations

You have a pair of horns on your head.
You reflexively headbutt those who attack you in melee.


Message History

You climb downwards.
The death knight mumbles some strange prayers to Yredelemnul against you.
You struggle to resist.
There is a stone staircase leading up here.
Throw: 4 boomerangs
Press: ? - help, Q - select action, (/) - cycle Shift-Dir - straight line, f - death knight
Aim: a death knight, wielding a +2 broad axe of electrocution and wearing a +0 plate armour (65% to hit)
You throw a boomerang. The boomerang hits the death knight.
The death knight is lightly wounded.
The death knight mumbles some strange prayers to Yredelemnul against you.
Your body is wracked with pain!
Unknown command.
Throw: 4 boomerangs
Press: ? - help, Q - select action, (/) - cycle Shift-Dir - straight line, f/p - death knight
Aim: a death knight, wielding a +2 broad axe of electrocution and wearing a +0 plate armour (lightly wounded, 65% to hit)
You throw a boomerang.
The boomerang hits the death knight and shatters, but does no damage.
The death knight is lightly wounded.
Unknown command.
The death knight hits you with a +2 broad axe of electrocution!
You climb upwards.
There is a stone staircase leading down, spattered with blood here.
You slash the death knight!
The death knight is lightly wounded.
You block the death knight's attack.
You hit the death knight. Your headbutt misses the death knight.
The death knight is lightly wounded.
The death knight hits you with a +2 broad axe of electrocution!
You are electrocuted!
* * * LOW HITPOINT WARNING * * *
You hit the death knight but do no damage.
The death knight is lightly wounded.
The death knight barely misses you.
You slice the death knight!! You headbutt the death knight.
The death knight is heavily wounded.
The death knight hits you with a +2 broad axe of electrocution!
* * * LOW HITPOINT WARNING * * *
You are electrocuted!
You die...
Your body crumbles into a pile of gold.

##### ######### #...#
........## #...#
..#####..####...#### §.#
#............### ○§#
####....).[....# ..#
#.....)@..#.# ..#####
####..p####.# ....§☼.##
#...# #.#
=..§....#####...####.####
[[..§§........##........#
..#####.......##..##.#..#
§§# #.......##..##.#..#
§☼# #.<.....##..#..#..#
§§# #.......##........#


You could see a death knight.

Vanquished Creatures
  Pikel (D:3)
  Joseph (D:7)
  Psyche (D:8)
  A wyvern (D:7)
  6 yaks (D:6)
  A black bear (D:4)
  An orc warrior (D:8)
  A centaur (D:8)
  An ogre (D:5)
  3 lemures (D:3)
  2 phantoms
  A bullfrog (D:6)
  2 kobold brigands
  A gnoll sergeant (D:5)
  5 scorpions
  5 wights
  3 bombardier beetles
  A gnoll bouda (D:7)
  4 orc priests
  6 hounds
  3 jellies
  A sleepcap (D:5)
  2 iguanas (D:6)
  3 orc wizards
  13 gnolls
  6 adders
  A shadow imp (D:7)
  2 white imps
  3 dart slugs
  2 ribbon worms
  17 orcs
  5 ball pythons
  5 endoplasms
  7 goblins
  7 hobgoblins
  12 jackals
  5 frilled lizards
  16 kobolds
  4 rats
161 creatures vanquished.

Vanquished Creatures (others)
  A rat (D:3)
1 creature vanquished.

Grand Total: 162 creatures vanquished

Notes
Turn   | Place    | Note
-------+----------+-------------------------------------------
     0 | D:1      | Bobbunny the Minotaur Fighter began the quest for the Orb.
     0 | D:1      | Reached XP level 1. HP: 19/19 MP: 0/0
    35 | D:1      | Reached XP level 2. HP: 27/27 MP: 1/1
   484 | D:1      | Reached XP level 3. HP: 34/34 MP: 2/2
   698 | D:2      | Found a faded altar of an unknown god.
   729 | D:2      | Prayed at the altar of an unknown god.
   729 | D:2      | Became a worshipper of Gozag Ym Sagoz the Greedy
  1467 | D:3      | Reached XP level 4. HP: 41/41 MP: 3/3
  1508 | D:3      | Found a sacrificial altar of Ru.
  1516 | D:3      | Reached skill level 5 in Fighting
  1694 | D:3      | Identified the +6 short sword "Undertaker" {freeze, Dex+2}
  2006 | D:4      | Found a transporter.
  2009 | D:4      | Noticed a lemure
  2014 | D:4      | Noticed a lemure
  2019 | D:3      | Killed a lemure
  2030 | D:3      | Killed a lemure
  2045 | D:4      | Noticed a lemure
  2045 | D:4      | Noticed Pikel
  2056 | D:3      | Killed a lemure
  2071 | D:3      | Killed Pikel
  2072 | D:3      | Reached XP level 5. HP: 33/52 MP: 4/4
  2072 | D:3      | Reached XP level 6. HP: 39/60 MP: 5/5
  2072 | D:3      | Reached XP level 7. HP: 42/66 MP: 6/6
  2196 | D:4      | Found a one-way gate to the infinite horrors of the Abyss.
  2196 | D:4      | Noticed VoidStrider's ghost (novice TeAE)
  2277 | D:4      | Found a transporter.
  2420 | D:4      | Reached skill level 1 in Dodging
  2923 | D:5      | Entered Level 5 of the Dungeon
  2958 | D:5      | Reached skill level 1 in Evocations
  3027 | D:5      | Reached XP level 8. HP: 61/74 MP: 7/7
  3235 | D:5      | HP: 3/74 [gnoll/+0 spear[a gnoll sergeant] (10)]
  3471 | D:5      | Reached skill level 5 in Shields
  3681 | D:5      | Reached skill level 5 in Armour
  3901 | D:6      | Reached skill level 1 in Throwing
  4007 | D:6      | Reached XP level 9. HP: 83/83 MP: 8/8
  4034 | D:6      | Got the Cyclopedia of Phantasmal Toxicants
  4227 | D:6      | Found a shimmering blue altar of Sif Muna.
  4666 | D:7      | Found a staircase to the Ecumenical Temple.
  4923 | D:8      | Noticed Psyche
  4936 | D:8      | Killed Psyche
  4937 | D:8      | Reached skill level 10 in Fighting
  5134 | D:8      | Noticed a death knight
  5134 | D:8      | Noticed a phantasmal warrior
  5134 | D:8      | Noticed a freezing wraith
  5534 | D:7      | Reached skill level 5 in Evocations
  5534 | D:7      | Reached XP level 10. HP: 93/93 MP: 9/9
  5823 | D:8      | Noticed Joseph
  5874 | D:7      | Killed Joseph
  5875 | D:7      | Reached skill level 10 in Axes
  6129 | D:7      | Slain by a death knight

Illustrated notes

Levels and vault maps discovered:
D:1:      scummos_arrival_hexagon, layout_loops_ring, chequers_hall_statues_y
D:2:      layout_loops_ring, hellmonk_ecumenical_altar_lost_god,
          minmay_misc_feat_ornament
D:3:      layout_basic, mainiacjoe_overflow_brackets, serial_glass,
          glass_columns_a, glass_columns_b, fountainhead,
          hangedman_abyss_or_decor_lesser_grid, minmay_stone_trees_small
D:4:      layout_basic, gammafunk_ghost_abyssal_escape, uniq_pikel
D:5:      layout_basic
D:6:      layout_cave_pods, lemuel_blue_sif_altar, st_stairs_1
D:7:      layout_loops_cross, minmay_temple_entry_tees,
          chequers_serial_rivers_micro_c, chequers_decorated_corner,
          lemuel_flame_loot_1
D:8:      layout_loops_ring, minmay_shop_grid_forest, uniq_joseph, uniq_psyche

Skill      XL: |  1  2  3  4  5  6  7  8  9 10 |
---------------+-------------------------------+-----
Fighting       | 4 7 9 10 | 10.5
Axes           | 3 4 6 7 8 9 10 | 10.1
Dodging        | 2 3 |  3.0
Armour         | 4 5 |  5.0
Shields        | 4 5 |  5.0
Evocations     | 1 3 5 |  5.0
Throwing       | 1 4 |  4.7

Action                     |  1- 3 |  4- 6 |  7- 9 | 10-12 || total
---------------------------+-------+-------+-------+-------++-------
  Melee: War axe           |    77 |    22 |    32 |    23 ||   154
         Headbutt          |     5 |     6 |    54 |     4 ||    69
         Short sword       |       |    23 |   248 |       ||   271
  Throw: Dart              |       |       |     2 |     3 ||     5
         Boomerang         |       |       |       |     2 ||     2
  Evoke: Wand              |       |       |     3 |     3 ||     6
    Use: Scroll            |       |       |     6 |       ||     6
         Potion            |       |       |     4 |       ||     4
   Stab: Distracted        |     1 |       |     1 |       ||     2
 Armour: Scale mail        |    48 |    23 |   148 |    20 ||   239
  Dodge: Dodged            |    46 |    33 |   178 |    11 ||   268
  Block: Buckler           |    16 |     9 |    59 |     3 ||    87
